 Dungeon Crawl Stone Soup version 0.21-a0-344-g2144152 (webtiles) character file.

50776 tidbits the Infuser (level 14, 0/110 HPs)
             Began as a Gnoll Skald on Oct 4, 2017.
             Was the Champion of Cheibriados.
             Killed from afar by a battlesphere (13 damage)
             ... created by a deep elf mage
             ... on level 1 of the Elven Halls.
             The game lasted 01:05:19 (6112 turns).

tidbits the Infuser (Gnoll Skald)                   Turns: 6112, Time: 01:05:20

Health: 0/110      AC: 13    Str: 33    XL:     14   Next: 56%
Magic:  28/28      EV: 23    Int: 41    God:    Cheibriados [******]
Gold:   245        SH: 11    Dex: 29    Spells: 7/33 levels left

rFire    . . .     SeeInvis +   a - +0 broad axe (chop)
rCold    + + .     Gourm    .   D - +3 warlock's mirror {reflect}
rNeg     . . .     Faith    .   y - +2 leather armour "Irphofes" {rElec Int+2 Stlth+}
rPois    .         Spirit   .   (helmet restricted)
rElec    +         Reflect  +   C - +0 cloak
rCorr    .         Harm     .   G - +0 pair of gloves of Susaox {SInv}
MR       ++...                  F - +0 pair of boots
Stlth    ++++++....             (no amulet)
HPRegen  0.28/turn              W - ring of protection from magic
MPRegen  0.21/turn              T - ring of Vaqubog {rC++ AC+3 Str+2 Int+3}

@: about to teleport, slowed, very slow
A: distributed training, fangs 1, horns 1, electricity resistance, strong 1,
evolution 1, strong nose
a: Bend Time, Temporal Distortion, Slouch, Step From Time, Renounce Religion


You were on level 1 of the Elven Halls.
You worshipped Cheibriados.
Cheibriados was exalted by your worship.
You were not hungry.

You visited 3 branches of the dungeon, and saw 17 of its levels.
You also visited: Labyrinth.

You collected 1788 gold pieces.
You spent 1543 gold pieces at shops.

Inventory:

Hand Weapons
 a - a +0 broad axe of chopping (weapon)
   (You took it off an orc warrior on level 2 of the Orcish Mines)
 k - a +0 demon trident of flaming
   (You took it off a minotaur in a labyrinth)
 s - a +0 blowgun
 v - a +1 war axe of freezing
   (You took it off an orc on level 3 of the Dungeon)
 w - a +2 mace of holy wrath
   (You took it off an orc on level 12 of the Dungeon)
 E - the +2 Maxwell's thermic engine {flame, freeze, rF- rC-}
   (You found it on level 1 of the Elven Halls)

   It has been specially enchanted to burn those struck by it, causing extra
   injury to most foes and up to half again as much damage against particularly
   susceptible opponents.
   Big, fiery blades are also staple armaments of hydra-hunters.
   It makes you vulnerable to fire.
   It makes you vulnerable to cold.
 I - a +1 morningstar of protection
   (You took it off a wight on level 7 of the Dungeon)
Missiles
 c - 12 tomahawks
 e - 51 stones (quivered)
 h - 413 arrows
 t - 4 throwing nets {!f}
 N - 8 curare-tipped needles
 Y - 12 javelins
Armour
 y - the +2 leather armour "Irphofes" (worn) {rElec Int+2 Stlth+}
   (You took it off a minotaur in a labyrinth)

   It affects your intelligence (+2).
   It insulates you from electricity.
   It makes you more stealthy.
 B - a +0 troll leather armour
 C - a +0 cloak (worn)
 D - the +3 warlock's mirror (worn) {reflect}
   (You bought it in a shop on level 2 of the Orcish Mines)
 F - a +0 pair of boots (worn)
 G - the +0 pair of gloves of Susaox (worn) {SInv}
   (You bought it in a shop on level 2 of the Orcish Mines)

   It lets you see invisible.
Magical Staves
 Q - an uncursed staff of power {!a}
   (You found it in a labyrinth)
Jewellery
 b - an uncursed ring of magical power
   (You took it off a minotaur in a labyrinth)
 A - an uncursed ring of protection from fire
   (You found it on level 4 of the Dungeon)
 T - the ring of Vaqubog (right hand) {rC++ AC+3 Str+2 Int+3}
   (You bought it in a shop on level 2 of the Orcish Mines)

   [ring of protection]

   It affects your AC (+3).
   It affects your strength (+2).
   It affects your intelligence (+3).
   It greatly protects you from cold.
 W - a ring of protection from magic (left hand)
   (You found it on level 9 of the Dungeon)
Wands
 l - a wand of iceblast (1/15)
 p - a wand of iceblast (9/15)
 U - a wand of paralysis (21/24)
 Z - a wand of paralysis (2/24)
Scrolls
 i - a scroll of holy word {unknown}
 j - a scroll of amnesia
 o - 2 scrolls of enchant armour
 r - 5 scrolls of remove curse
 x - 2 scrolls of recharging
 z - a scroll of teleportation
 J - a scroll of fear
Potions
 f - 3 potions of flight
 m - 2 potions of agility
 H - a potion of cancellation {unknown}
 K - a potion of haste {unknown}
 L - 2 potions of lignification {unknown}
 O - 2 potions of curing
 P - 3 potions of berserk rage {unknown}
 X - a potion of resistance {unknown}
Books
 M - the Compendium of Venomous Stones
   (You found it in a labyrinth)

   Spells                             Type                      Level
   a - Sting                          Conjuration/Poison           1
   b - Sandblast                      Earth                        1
   c - Poisonous Vapours              Poison/Air                   2
   d - Mephitic Cloud                 Conjuration/Poison/Air       3
   e - Leda's Liquefaction            Hexes/Earth                  4
   f - Olgreb's Toxic Radiance        Poison                       4
   g - Lee's Rapid Deconstruction     Earth                        5
   h - Iron Shot                      Conjuration/Earth            6
 S - a book of Debilitation
   (You found it in a labyrinth)

   Spells                             Type                      Level
   a - Corona                         Hexes                        1
   b - Slow                           Hexes                        2
   c - Inner Flame                    Hexes/Fire                   3
   d - Portal Projectile              Hexes/Translocation          3
   e - Cause Fear                     Hexes                        4
   f - Leda's Liquefaction            Hexes/Earth                  4
 V - a book of Frost
   (You found it on level 9 of the Dungeon)

   Spells                             Type                      Level
   a - Freeze                         Ice                          1
   b - Throw Frost                    Conjuration/Ice              2
   c - Ozocubu's Armour               Charms/Ice                   3
   d - Throw Icicle                   Conjuration/Ice              4
   e - Summon Ice Beast               Ice/Summoning                4
Miscellaneous
 R - a phantom mirror
Comestibles
 d - 10 bread rations
 q - 3 meat rations
 u - 6 royal jellies


   Skills:
 + Level 10.2 Fighting
 + Level 9.2 Short Blades
 + Level 9.2 Long Blades
 + Level 10.2 Axes
 + Level 9.2 Maces & Flails
 + Level 9.2 Polearms
 + Level 9.2 Staves
 + Level 9.2 Slings
 + Level 9.2 Bows
 + Level 9.2 Crossbows
 + Level 9.2 Throwing
 + Level 9.5 Armour
 + Level 10.2 Dodging
 + Level 9.2 Stealth
 + Level 9.2 Shields
 + Level 9.2 Unarmed Combat
 + Level 10.4 Spellcasting
 + Level 9.2 Conjurations
 + Level 9.2 Hexes
 + Level 11.1 Charms
 + Level 9.2 Summonings
 + Level 9.2 Necromancy
 + Level 9.2 Translocations
 + Level 9.2 Transmutations
 + Level 9.2 Fire Magic
 + Level 9.2 Ice Magic
 + Level 9.2 Air Magic
 + Level 9.2 Earth Magic
 + Level 9.2 Poison Magic
 + Level 9.2 Invocations
 + Level 9.2 Evocations


You had 7 spell levels left.
You knew the following spells:

 Your Spells              Type           Power        Failure   Level  Hunger
b - Blink                 Tloc           N/A          1%          2    None
g - Shroud of Golubria    Chrm/Tloc      #######...   1%          2    None
l - Lesser Beckoning      Tloc           #######...   1%          3    None
o - Ozocubu's Armour      Chrm/Ice       #######.     1%          3    None
p - Passage of Golubria   Tloc           N/A          1%          4    None
r - Regeneration          Chrm/Necr      #######...   1%          3    None
s - Song of Slaying       Chrm           #######.     1%          2    None
w - Spectral Weapon       Hex/Chrm       #######.     1%          3    None
F - Cause Fear            Hex            #######...   1%          4    None


Dungeon Overview and Level Annotations

Branches:
Dungeon (13/15)               Orc (2/2) D:12            Elf (2/3) Orc:2
 Temple: D:4-7         Lair: D:8-11      Vaults: D:13-14

Altars:
Ashenzari
Cheibriados
Dithmenos
Elyvilon
Fedhas
Kikubaaqudgha
Nemelex Xobeh
Ru
Uskayaw
Vehumet
Zin
Beogh

Shops:
Orc:2 [*[=


Innate Abilities, Weirdness & Mutations

Your experience applies equally to all skills.
You have very sharp teeth.
Your uncanny sense of smell can sniff out nearby items.
You have a pair of small horns on your head.
You are resistant to electric shocks. (rElec)
Your muscles are strong. (Str +2)
You evolve.


Message History

You slice the deep elf archer!!
Your headbutt misses the deep elf archer.
The deep elf archer is heavily wounded.
Your spectral weapon hits the deep elf archer!
The deep elf archer unwields an uncursed shortbow.
The deep elf archer wields an uncursed dagger.
The deep elf archer misses you.
You slash the deep elf archer!
You kill the deep elf archer!
Cheibriados appreciates the change of pace.
The deep elf annihilator gestures at you while chanting.
The poison arrow hits you!
You are poisoned.
Casting: Spectral Weapon
Confirm with . or Enter, or press ? or * to list all spells.
You can't see any susceptible monsters within range! (Use Z to cast anyway.)
A deep elf mage comes into view. It is wielding a rapier.
Your skin stops crawling.
You feel very sick.
The deep elf annihilator points at you and mumbles some strange words.
The iron shot hits you!
* * * LOW HITPOINT WARNING * * *
The deep elf annihilator points at you and mumbles some strange words.
The poison arrow hits you!
You are more poisoned.
* * * LOW HITPOINT WARNING * * *
Items here: ( )) [ an uncursed dagger; an uncursed shortbow; 21 arrows; a leather armour
Casting: Spectral Weapon
Confirm with . or Enter, or press ? or * to list all spells.
Aiming: Lesser Beckoning
Press: ? - help, Shift-Dir - straight line, f - deep elf annihilator
Aim: a deep elf annihilator, wielding a rapier The deep elf annihilator hurls suddenly forward!
* * * LOW HITPOINT WARNING * * *
You feel very sick. The deep elf annihilator misses you.
The deep elf annihilator barely misses you.
* * * LOW HITPOINT WARNING * * *
You feel very sick.
You block the deep elf annihilator's attack.
You block the deep elf mage's attack.
The deep elf annihilator points at you and mumbles some strange words.
The iron shot hits you!
* * * LOW HITPOINT WARNING * * *
The deep elf mage completely misses you.
You feel much better.
You feel very sick. The deep elf annihilator misses you.
You block the deep elf mage's attack.
The deep elf annihilator hits you with a rapier!
* * * LOW HITPOINT WARNING * * *
The deep elf mage misses you.
You slash the deep elf annihilator! You headbutt the deep elf annihilator!
Your bite misses the deep elf annihilator.
The deep elf annihilator is heavily wounded.
You hit the deep elf mage but do no damage.
* * * LOW HITPOINT WARNING * * *
You feel very sick.
Your spectral weapon hits the deep elf annihilator!
The deep elf annihilator casts a spell.
The deep elf annihilator blinks!
The deep elf mage misses you.
You barely miss the deep elf mage. You headbutt the deep elf mage.
You bite the deep elf mage, but do no damage.
The deep elf mage is lightly wounded.
* * * LOW HITPOINT WARNING * * *
You feel very sick.
The deep elf mage gestures at you while chanting.
Your +3 warlock's mirror {reflect} reflects the magic dart!
The magic dart hits the deep elf mage.
Your spectral weapon completely misses the deep elf mage.
The deep elf annihilator gestures at you while chanting.
Your +3 warlock's mirror {reflect} reflects the poison arrow!
The poison arrow hits the deep elf annihilator.
The deep elf annihilator looks as sick as possible!
You kill the deep elf annihilator!
Cheibriados thoroughly appreciates the change of pace.
You closely miss the deep elf mage. Your headbutt misses the deep elf mage.
You bite the deep elf mage, but do no damage.
The deep elf mage is lightly wounded.
* * * LOW HITPOINT WARNING * * *
You feel sick.
Your spectral weapon hits the deep elf mage!
The deep elf mage gestures at you while chanting.
Your +3 warlock's mirror {reflect} reflects the lance of force!
The lance of force hits the deep elf mage.
The deep elf mage is knocked back by the lance of force.
Okay, then.
It was a potion of curing.
You feel better.
The deep elf mage casts a spell.
The deep elf mage conjures a globe of magical energy!
A battlesphere comes into view.
As you read the scroll of teleportation, it crumbles to dust.
You feel strangely unstable.
The deep elf mage gestures at you while chanting.
The lance of force hits your spectral weapon.
Your spectral weapon shares its damage with you!
Your spectral weapon is knocked back by the lance of force.
* * * LOW HITPOINT WARNING * * *
The battlesphere fires!
The barrage of energy hits you!
You die...

..... ..............#.#..# ##)##
##.###.##.#....(.....##..####)..#
.........##...##.###.##.......
...###..###)##.## #.#...)....
.#.##.##.#.## #.#..##'''#
........(.## #.#♣##)))..
..######([## #)####..... .
####[### #.#≈≈##...# #....@.#
#.#≈≈§##.## #....(.(.# ##≈≈§###≈
#......*.# #≈≈≈≈≈≈≈ #........e#
######## #........#.#
#........##.. #........# #..∆
.........# ..


You could see a deep elf mage, a battlesphere and a friendly spectral broad axe
of chopping.

Vanquished Creatures
  2 entropy weavers (D:12)
  A deep elf annihilator (Elf:1)
  A minotaur (Lab)
  An ettin (D:12)
  A deep elf high priest (Elf:1)
  Harold (D:11)
  3 centaur warriors
  3 dancing weapons
  A queen ant (D:12)
  5 two-headed ogres
  2 orc high priests
  Urug (Orc:1)
  Sonja (D:11)
  3 deep elf knights
  A skeletal warrior (D:12)
  An unseen horror (D:12)
  5 deep elf archers (Elf:1)
  An orc knight (Orc:2)
  4 orc sorcerers
  2 cyclopes
  17 deep elf magi
  2 centaur zombies
  Psyche (D:9)
  Maurice (Orc:1)
  2 gargoyles
  A centaur skeleton (D:12)
  A komodo dragon (D:10)
  The ghost of Rhok the Skirmisher, an amateur OgBe of Trog (D:3)
  2 trolls
  Grinder (D:3)
  3 slime creatures (D:7)
  2 hippogriffs
  2 shadows (D:12)
  An air elemental (Elf:1)
  A wraith (D:12)
  2 redbacks (Lab)
  A fire elemental (Elf:2)
  4 yaks (D:11)
  4 wyverns
  Grum (D:8)
  3 vampire mosquitoes (D:12)
  A warg (D:12)
  Menkaure (D:4)
  24 soldier ants (D:12)
  An acid dragon (D:12)
  38 orc warriors
  2 ice beasts
  3 sky beasts
  2 black bears (D:9)
  3 wolves
  A necrophage (D:6)
  8 ogres
  14 centaurs
  A crocodile (D:9)
  3 big kobolds
  2 bullfrogs
  A water moccasin skeleton (D:5)
  13 wights
  16 killer bees
  5 howler monkeys
  6 crimson imps
  20 orc priests
  11 hounds
  3 jellies
  17 orc wizards
  A gnoll shaman (D:9)
  4 iguanas
  24 worker ants
  A killer bee zombie (D:7)
  A hound skeleton (D:5)
  A howler monkey zombie (D:9)
  6 gnolls (D:9)
  6 adders
  4 shadow imps
  2 adder skeletons
  A worm (D:5)
  2 dart slugs (D:1)
  83 orcs
  10 bats
  5 giant cockroaches
  3 goblins
  10 hobgoblins
  11 jackals
  27 kobolds
  2 quokkas
  2 ball pythons
  3 frilled lizards (D:1)
  A leopard gecko skeleton (D:9)
  6 rats
505 creatures vanquished.

Vanquished Creatures (others)
  An orc priest (Orc:1)
  7 spectral weapons
8 creatures vanquished.

Grand Total: 513 creatures vanquished

Notes
Turn   | Place    | Note
-------+----------+-------------------------------------------
     0 | D:1      | tidbits the Gnoll Skald began the quest for the Orb.
     0 | D:1      | Reached XP level 1. HP: 20/20 MP: 6/6
    75 | D:1      | Reached XP level 2. HP: 25/26 MP: 1/7
    80 | D:1      | Learned a level 2 spell: Song of Slaying
    83 | D:1      | Learned a level 2 spell: Shroud of Golubria
   270 | D:1      | Reached XP level 3. HP: 27/31 MP: 1/9
   284 | D:1      | Reached skill level 5 in Spellcasting
   383 | D:2      | Learned a level 3 spell: Regeneration
   387 | D:2      | Learned a level 3 spell: Spectral Weapon
   492 | D:3      | Noticed Grinder
   500 | D:3      | Killed Grinder
   500 | D:3      | Reached skill level 1 in Short Blades
   500 | D:3      | Reached skill level 1 in Long Blades
   500 | D:3      | Reached skill level 1 in Maces & Flails
   500 | D:3      | Reached skill level 1 in Polearms
   500 | D:3      | Reached skill level 1 in Staves
   500 | D:3      | Reached skill level 1 in Slings
   500 | D:3      | Reached skill level 1 in Bows
   500 | D:3      | Reached skill level 1 in Crossbows
   500 | D:3      | Reached skill level 1 in Throwing
   500 | D:3      | Reached skill level 3 in Armour
   500 | D:3      | Reached skill level 1 in Stealth
   500 | D:3      | Reached skill level 1 in Shields
   500 | D:3      | Reached skill level 1 in Unarmed Combat
   500 | D:3      | Reached skill level 1 in Conjurations
   500 | D:3      | Reached skill level 1 in Hexes
   500 | D:3      | Reached skill level 1 in Summonings
   500 | D:3      | Reached skill level 1 in Necromancy
   500 | D:3      | Reached skill level 1 in Translocations
   500 | D:3      | Reached skill level 1 in Transmutations
   500 | D:3      | Reached skill level 1 in Fire Magic
   500 | D:3      | Reached skill level 1 in Ice Magic
   500 | D:3      | Reached skill level 1 in Air Magic
   500 | D:3      | Reached skill level 1 in Earth Magic
   500 | D:3      | Reached skill level 1 in Poison Magic
   500 | D:3      | Reached skill level 1 in Invocations
   500 | D:3      | Reached skill level 1 in Evocations
   500 | D:3      | Reached XP level 4. HP: 19/38 MP: 0/11
   500 | D:3      | Reached XP level 5. HP: 21/43 MP: 0/12
   500 | D:3      | Reached XP level 6. HP: 25/50 MP: 0/13
   522 | D:3      | Found a white marble altar of Elyvilon.
   695 | D:4      | Reached skill level 5 in Fighting
   695 | D:4      | Reached skill level 2 in Short Blades
   695 | D:4      | Reached skill level 2 in Long Blades
   695 | D:4      | Reached skill level 5 in Axes
   695 | D:4      | Reached skill level 2 in Maces & Flails
   695 | D:4      | Reached skill level 2 in Polearms
   695 | D:4      | Reached skill level 2 in Staves
   695 | D:4      | Reached skill level 2 in Slings
   695 | D:4      | Reached skill level 2 in Bows
   695 | D:4      | Reached skill level 2 in Crossbows
   695 | D:4      | Reached skill level 2 in Throwing
   695 | D:4      | Reached skill level 5 in Dodging
   695 | D:4      | Reached skill level 2 in Stealth
   695 | D:4      | Reached skill level 2 in Shields
   695 | D:4      | Reached skill level 2 in Unarmed Combat
   695 | D:4      | Reached skill level 2 in Conjurations
   695 | D:4      | Reached skill level 2 in Hexes
   695 | D:4      | Reached skill level 2 in Summonings
   695 | D:4      | Reached skill level 2 in Necromancy
   695 | D:4      | Reached skill level 2 in Translocations
   695 | D:4      | Reached skill level 2 in Transmutations
   695 | D:4      | Reached skill level 2 in Fire Magic
   695 | D:4      | Reached skill level 2 in Ice Magic
   695 | D:4      | Reached skill level 2 in Air Magic
   695 | D:4      | Reached skill level 2 in Earth Magic
   695 | D:4      | Reached skill level 2 in Poison Magic
   695 | D:4      | Reached skill level 2 in Invocations
   695 | D:4      | Reached skill level 2 in Evocations
   747 | D:4      | Reached XP level 7. HP: 32/56 MP: 12/15
   780 | D:4      | Found a sacrificial altar of Ru.
   818 | D:4      | Gained mutation: Scrolls take you a little longer to read. [potion of mutation]
   818 | D:4      | Gained mutation: You have a pair of small horns on your head. [potion of mutation]
   818 | D:4      | Gained mutation: You are agile. (Dex +2) [potion of mutation]
   820 | D:5      | Entered Level 5 of the Dungeon
   828 | D:5      | Reached skill level 7 in Charms
   878 | D:4      | Noticed Menkaure
   890 | D:4      | Killed Menkaure
   912 | D:3      | Noticed Rhok's ghost (amateur OgBe)
   927 | D:3      | Killed Rhok's ghost
   927 | D:3      | Reached skill level 4 in Armour
   927 | D:3      | Reached XP level 8. HP: 63/63 MP: 12/16
   927 | D:3      | Reached skill level 3 in Short Blades
   927 | D:3      | Reached skill level 3 in Long Blades
   927 | D:3      | Reached skill level 3 in Maces & Flails
   927 | D:3      | Reached skill level 3 in Polearms
   927 | D:3      | Reached skill level 3 in Staves
   927 | D:3      | Reached skill level 3 in Slings
   927 | D:3      | Reached skill level 3 in Bows
   927 | D:3      | Reached skill level 3 in Crossbows
   927 | D:3      | Reached skill level 3 in Throwing
   927 | D:3      | Reached skill level 3 in Stealth
   927 | D:3      | Reached skill level 3 in Shields
   927 | D:3      | Reached skill level 3 in Unarmed Combat
   927 | D:3      | Reached skill level 3 in Conjurations
   927 | D:3      | Reached skill level 3 in Hexes
   927 | D:3      | Reached skill level 3 in Summonings
   927 | D:3      | Reached skill level 3 in Necromancy
   927 | D:3      | Reached skill level 3 in Translocations
   927 | D:3      | Reached skill level 3 in Transmutations
   927 | D:3      | Reached skill level 3 in Fire Magic
   927 | D:3      | Reached skill level 3 in Ice Magic
   927 | D:3      | Reached skill level 3 in Air Magic
   927 | D:3      | Reached skill level 3 in Earth Magic
   927 | D:3      | Reached skill level 3 in Poison Magic
   927 | D:3      | Reached skill level 3 in Invocations
   927 | D:3      | Reached skill level 3 in Evocations
   994 | D:2      | Found a glowing silver altar of Zin.
  1170 | D:5      | Found a shadowy altar of Dithmenos.
  1235 | D:6      | Reached skill level 6 in Spellcasting
  1333 | D:6      | Found a snail-covered altar of Cheibriados.
  1341 | D:6      | Became a worshipper of Cheibriados the Contemplative
  1391 | D:6      | Found an ancient bone altar of Kikubaaqudgha.
  1396 | D:6      | Found a shadowy altar of Dithmenos.
  1397 | D:6      | Found a shattered altar of Ashenzari.
  1815 | D:5      | Reached skill level 6 in Fighting
  1815 | D:5      | Reached skill level 6 in Axes
  1815 | D:5      | Reached skill level 6 in Dodging
  1815 | D:5      | Reached XP level 9. HP: 47/68 MP: 14/18
  2006 | D:6      | Reached * piety under Cheibriados
  2063 | D:7      | Reached skill level 4 in Short Blades
  2063 | D:7      | Reached skill level 4 in Long Blades
  2063 | D:7      | Reached skill level 4 in Maces & Flails
  2063 | D:7      | Reached skill level 4 in Polearms
  2063 | D:7      | Reached skill level 4 in Staves
  2063 | D:7      | Reached skill level 4 in Slings
  2063 | D:7      | Reached skill level 4 in Bows
  2063 | D:7      | Reached skill level 4 in Crossbows
  2063 | D:7      | Reached skill level 4 in Throwing
  2063 | D:7      | Reached skill level 4 in Stealth
  2063 | D:7      | Reached skill level 4 in Shields
  2063 | D:7      | Reached skill level 4 in Unarmed Combat
  2063 | D:7      | Reached skill level 4 in Conjurations
  2063 | D:7      | Reached skill level 4 in Hexes
  2063 | D:7      | Reached skill level 4 in Summonings
  2063 | D:7      | Reached skill level 4 in Necromancy
  2063 | D:7      | Reached skill level 4 in Translocations
  2063 | D:7      | Reached skill level 4 in Transmutations
  2063 | D:7      | Reached skill level 4 in Fire Magic
  2063 | D:7      | Reached skill level 4 in Ice Magic
  2063 | D:7      | Reached skill level 4 in Air Magic
  2063 | D:7      | Reached skill level 4 in Earth Magic
  2063 | D:7      | Reached skill level 4 in Poison Magic
  2063 | D:7      | Reached skill level 4 in Invocations
  2063 | D:7      | Reached skill level 4 in Evocations
  2129 | D:7      | Learned a level 2 spell: Blink
  2134 | D:7      | Learned a level 4 spell: Passage of Golubria
  2140 | D:7      | Learned a level 3 spell: Lesser Beckoning
  2186 | D:7      | Reached skill level 5 in Armour
  2246 | D:7      | Reached skill level 8 in Charms
  2286 | D:8      | Found a hide-covered altar of Uskayaw.
  2341 | D:8      | Found a sparkling altar of Nemelex Xobeh.
  2375 | D:8      | Found a roughly hewn altar of Beogh.
  2397 | D:8      | Reached ** piety under Cheibriados
  2470 | D:8      | Reached XP level 10. HP: 65/77 MP: 3/20
  2478 | D:8      | Reached skill level 7 in Spellcasting
  2582 | D:8      | Noticed Grum
  2584 | D:8      | HP: 7/77 [Grum/spear of piercing (15)]
  2592 | D:8      | Killed Grum
  2633 | D:8      | Found a blossoming altar of Fedhas.
  2640 | D:8      | Reached skill level 5 in Short Blades
  2640 | D:8      | Reached skill level 5 in Long Blades
  2640 | D:8      | Reached skill level 5 in Maces & Flails
  2640 | D:8      | Reached skill level 5 in Polearms
  2640 | D:8      | Reached skill level 5 in Staves
  2640 | D:8      | Reached skill level 5 in Slings
  2640 | D:8      | Reached skill level 5 in Bows
  2640 | D:8      | Reached skill level 5 in Crossbows
  2640 | D:8      | Reached skill level 5 in Throwing
  2640 | D:8      | Reached skill level 5 in Stealth
  2640 | D:8      | Reached skill level 5 in Shields
  2640 | D:8      | Reached skill level 5 in Unarmed Combat
  2640 | D:8      | Reached skill level 5 in Conjurations
  2640 | D:8      | Reached skill level 5 in Hexes
  2640 | D:8      | Reached skill level 5 in Summonings
  2640 | D:8      | Reached skill level 5 in Necromancy
  2640 | D:8      | Reached skill level 5 in Translocations
  2640 | D:8      | Reached skill level 5 in Transmutations
  2640 | D:8      | Reached skill level 5 in Fire Magic
  2640 | D:8      | Reached skill level 5 in Ice Magic
  2640 | D:8      | Reached skill level 5 in Air Magic
  2640 | D:8      | Reached skill level 5 in Earth Magic
  2640 | D:8      | Reached skill level 5 in Poison Magic
  2640 | D:8      | Reached skill level 5 in Invocations
  2640 | D:8      | Reached skill level 5 in Evocations
  2649 | D:8      | Gained mutation: You are somewhat resistant to further mutation. [mutagenic meat]
  2696 | D:9      | Noticed a two-headed ogre
  2703 | D:9      | Killed a two-headed ogre
  2703 | D:9      | Reached skill level 7 in Fighting
  2703 | D:9      | Reached skill level 7 in Axes
  2703 | D:9      | Reached skill level 7 in Dodging
  2720 | D:9      | Reached *** piety under Cheibriados
  2742 | D:9      | Reached skill level 6 in Armour
  2887 | D:9      | Noticed Psyche
  2894 | D:9      | Killed Psyche
  2897 | D:9      | Lost mutation: Scrolls take you a little longer to read. [potion of mutation]
  2897 | D:9      | Lost mutation: You are somewhat resistant to further mutation. [potion of mutation]
  2897 | D:9      | Gained mutation: Scrolls take you a little longer to read. [potion of mutation]
  2897 | D:9      | Gained mutation: You are partially covered in slimy green scales. (AC +2) [potion of mutation]
  2920 | D:9      | Noticed a two-headed ogre
  2931 | D:9      | Killed a two-headed ogre
  2931 | D:9      | Reached XP level 11. HP: 42/84 MP: 9/22
  3002 | D:9      | Reached **** piety under Cheibriados
  3068 | D:9      | Learned a level 3 spell: Ozocubu's Armour
  3284 | D:10     | Entered Level 10 of the Dungeon
  3284 | D:10     | Noticed a two-headed ogre
  3290 | D:10     | Killed a two-headed ogre
  3290 | D:10     | Reached skill level 6 in Short Blades
  3290 | D:10     | Reached skill level 6 in Long Blades
  3290 | D:10     | Reached skill level 6 in Maces & Flails
  3290 | D:10     | Reached skill level 6 in Polearms
  3290 | D:10     | Reached skill level 6 in Staves
  3290 | D:10     | Reached skill level 6 in Slings
  3290 | D:10     | Reached skill level 6 in Bows
  3290 | D:10     | Reached skill level 6 in Crossbows
  3290 | D:10     | Reached skill level 6 in Throwing
  3290 | D:10     | Reached skill level 6 in Stealth
  3290 | D:10     | Reached skill level 6 in Shields
  3290 | D:10     | Reached skill level 6 in Unarmed Combat
  3290 | D:10     | Reached skill level 6 in Conjurations
  3290 | D:10     | Reached skill level 6 in Hexes
  3290 | D:10     | Reached skill level 9 in Charms
  3290 | D:10     | Reached skill level 6 in Summonings
  3290 | D:10     | Reached skill level 6 in Necromancy
  3290 | D:10     | Reached skill level 6 in Translocations
  3290 | D:10     | Reached skill level 6 in Transmutations
  3290 | D:10     | Reached skill level 6 in Fire Magic
  3290 | D:10     | Reached skill level 6 in Ice Magic
  3290 | D:10     | Reached skill level 6 in Air Magic
  3290 | D:10     | Reached skill level 6 in Earth Magic
  3290 | D:10     | Reached skill level 6 in Poison Magic
  3290 | D:10     | Reached skill level 6 in Invocations
  3290 | D:10     | Reached skill level 6 in Evocations
  3334 | D:9      | Noticed a two-headed ogre
  3341 | D:9      | Killed a two-headed ogre
  3341 | D:9      | Reached skill level 8 in Spellcasting
  3555 | D:11     | Reached ***** piety under Cheibriados
  3566 | D:11     | Reached skill level 8 in Fighting
  3566 | D:11     | Reached skill level 8 in Axes
  3566 | D:11     | Reached skill level 7 in Armour
  3566 | D:11     | Reached skill level 8 in Dodging
  3614 | D:11     | Noticed Sonja
  3621 | D:11     | Killed Sonja
  3623 | D:11     | Noticed Harold
  3630 | D:11     | Noticed a two-headed ogre
  3642 | D:11     | Killed Harold
  3651 | D:11     | Reached XP level 12. HP: 37/93 MP: 24/24
  3995 | D:12     | Found a labyrinth entrance.
  4012 | Lab      | Entered a labyrinth
  4035 | Lab      | Reached skill level 7 in Short Blades
  4035 | Lab      | Reached skill level 7 in Long Blades
  4035 | Lab      | Reached skill level 7 in Maces & Flails
  4035 | Lab      | Reached skill level 7 in Polearms
  4035 | Lab      | Reached skill level 7 in Staves
  4035 | Lab      | Reached skill level 7 in Slings
  4035 | Lab      | Reached skill level 7 in Bows
  4035 | Lab      | Reached skill level 7 in Crossbows
  4035 | Lab      | Reached skill level 7 in Throwing
  4035 | Lab      | Reached skill level 7 in Stealth
  4035 | Lab      | Reached skill level 7 in Shields
  4035 | Lab      | Reached skill level 7 in Unarmed Combat
  4035 | Lab      | Reached skill level 7 in Conjurations
  4035 | Lab      | Reached skill level 7 in Hexes
  4035 | Lab      | Reached skill level 7 in Summonings
  4035 | Lab      | Reached skill level 7 in Necromancy
  4035 | Lab      | Reached skill level 7 in Translocations
  4035 | Lab      | Reached skill level 7 in Transmutations
  4035 | Lab      | Reached skill level 7 in Fire Magic
  4035 | Lab      | Reached skill level 7 in Ice Magic
  4035 | Lab      | Reached skill level 7 in Air Magic
  4035 | Lab      | Reached skill level 7 in Earth Magic
  4035 | Lab      | Reached skill level 7 in Poison Magic
  4035 | Lab      | Reached skill level 7 in Invocations
  4035 | Lab      | Reached skill level 7 in Evocations
  4106 | Lab      | Noticed a minotaur
  4114 | Lab      | Killed a minotaur
  4117 | Lab      | Got a bloodstained leather armour
  4122 | Lab      | Identified the Compendium of Venomous Stones
  4131 | Lab      | Identified the Volume of Boosts
  4149 | Lab      | Identified the +2 leather armour "Irphofes" {rElec Int+2 Stlth+} (You took it off a minotaur in a labyrinth)
  4163 | D:12     | Noticed a two-headed ogre
  4267 | D:12     | Noticed an entropy weaver
  4280 | D:12     | Killed an entropy weaver
  4280 | D:12     | Reached skill level 9 in Spellcasting
  4312 | D:12     | Noticed a queen ant
  4331 | D:12     | Killed a queen ant
  4337 | D:12     | Reached ****** piety under Cheibriados
  4337 | D:12     | Reached skill level 8 in Armour
  4337 | D:12     | Reached skill level 10 in Charms
  4338 | D:12     | Noticed an entropy weaver
  4348 | D:12     | Killed an entropy weaver
  4386 | D:12     | Reached skill level 9 in Fighting
  4386 | D:12     | Reached skill level 9 in Axes
  4386 | D:12     | Reached skill level 9 in Dodging
  4402 | D:12     | Reached XP level 13. HP: 64/101 MP: 26/26
  4562 | D:12     | Found a staircase to the Orcish Mines.
  4602 | D:12     | Reached skill level 8 in Short Blades
  4602 | D:12     | Reached skill level 8 in Long Blades
  4602 | D:12     | Reached skill level 8 in Maces & Flails
  4602 | D:12     | Reached skill level 8 in Polearms
  4602 | D:12     | Reached skill level 8 in Staves
  4602 | D:12     | Reached skill level 8 in Slings
  4602 | D:12     | Reached skill level 8 in Bows
  4602 | D:12     | Reached skill level 8 in Crossbows
  4602 | D:12     | Reached skill level 8 in Throwing
  4602 | D:12     | Reached skill level 8 in Stealth
  4602 | D:12     | Reached skill level 8 in Shields
  4602 | D:12     | Reached skill level 8 in Unarmed Combat
  4602 | D:12     | Reached skill level 8 in Conjurations
  4602 | D:12     | Reached skill level 8 in Hexes
  4602 | D:12     | Reached skill level 8 in Summonings
  4602 | D:12     | Reached skill level 8 in Necromancy
  4602 | D:12     | Reached skill level 8 in Translocations
  4602 | D:12     | Reached skill level 8 in Transmutations
  4602 | D:12     | Reached skill level 8 in Fire Magic
  4602 | D:12     | Reached skill level 8 in Ice Magic
  4602 | D:12     | Reached skill level 8 in Air Magic
  4602 | D:12     | Reached skill level 8 in Earth Magic
  4602 | D:12     | Reached skill level 8 in Poison Magic
  4602 | D:12     | Reached skill level 8 in Invocations
  4602 | D:12     | Reached skill level 8 in Evocations
  4634 | D:12     | Learned a level 4 spell: Cause Fear
  4635 | Orc:1    | Entered Level 1 of the Orcish Mines
  4635 | Orc:1    | Noticed Urug
  4637 | Orc:1    | Noticed an ettin
  4671 | D:12     | Killed an ettin
  4743 | Orc:1    | Killed Urug
  4823 | Orc:1    | Found a radiant altar of Vehumet.
  4907 | Orc:1    | Noticed Maurice
  4914 | Orc:1    | Killed Maurice
  4997 | Orc:2    | Entered Level 2 of the Orcish Mines
  5184 | Orc:2    | Found a roughly hewn altar of Beogh.
  5508 | Orc:2    | Found Vinoamei's Armour Emporium.
  5508 | Orc:2    | Found Ollin's Assorted Antiques.
  5510 | Orc:2    | Found Kaecse's Antique Armour Shop.
  5512 | Orc:2    | Found Paschuar's Jewellery Shoppe.
  5521 | Orc:2    | Bought a pair of spiked gloves for 351 gold pieces
  5531 | Orc:2    | Identified the +0 pair of gloves of Susaox {SInv} (You bought it in a shop on level 2 of the Orcish Mines)
  5535 | Orc:2    | Bought the +3 warlock's mirror {reflect} for 520 gold pieces
  5535 | Orc:2    | Found the +3 warlock's mirror {reflect}
  5547 | Orc:2    | Bought the ring of Vaqubog {rC++ AC+3 Str+2 Int+3} for 672 gold pieces
  5602 | Orc:2    | Reached skill level 9 in Armour
  5633 | Orc:2    | Found a staircase to the Elven Halls.
  5762 | Elf:1    | Entered Level 1 of the Elven Halls
  5782 | Elf:2    | Reached skill level 10 in Spellcasting
  5818 | Elf:2    | Reached XP level 14. HP: 95/109 MP: 25/28
  5834 | Elf:2    | Noticed a deep elf demonologist
  5876 | Elf:1    | Found the +2 Maxwell's thermic engine {flame, freeze, rF- rC-}
  5881 | Elf:1    | Reached skill level 10 in Fighting
  5881 | Elf:1    | Reached skill level 10 in Axes
  5881 | Elf:1    | Reached skill level 10 in Dodging
  5975 | Elf:1    | Lost mutation: Scrolls take you a little longer to read. [potion of mutation]
  5975 | Elf:1    | Lost mutation: You are partially covered in slimy green scales. (AC +2) [potion of mutation]
  5975 | Elf:1    | Lost mutation: You are agile. (Dex +2) [potion of mutation]
  5975 | Elf:1    | Gained mutation: Your muscles are strong. (Str +2) [potion of mutation]
  5975 | Elf:1    | Gained mutation: You evolve. [potion of mutation]
  5975 | Elf:1    | Gained mutation: You are resistant to electric shocks. (rElec) [potion of mutation]
  5987 | Elf:1    | Noticed a deep elf annihilator
  5995 | Elf:1    | Reached skill level 11 in Charms
  5996 | Elf:1    | Reached skill level 9 in Short Blades
  5996 | Elf:1    | Reached skill level 9 in Long Blades
  5996 | Elf:1    | Reached skill level 9 in Maces & Flails
  5996 | Elf:1    | Reached skill level 9 in Polearms
  5996 | Elf:1    | Reached skill level 9 in Staves
  5996 | Elf:1    | Reached skill level 9 in Slings
  5996 | Elf:1    | Reached skill level 9 in Bows
  5996 | Elf:1    | Reached skill level 9 in Crossbows
  5996 | Elf:1    | Reached skill level 9 in Throwing
  5996 | Elf:1    | Reached skill level 9 in Stealth
  5996 | Elf:1    | Reached skill level 9 in Shields
  5996 | Elf:1    | Reached skill level 9 in Unarmed Combat
  5996 | Elf:1    | Reached skill level 9 in Conjurations
  5996 | Elf:1    | Reached skill level 9 in Hexes
  5996 | Elf:1    | Reached skill level 9 in Summonings
  5996 | Elf:1    | Reached skill level 9 in Necromancy
  5996 | Elf:1    | Reached skill level 9 in Translocations
  5996 | Elf:1    | Reached skill level 9 in Transmutations
  5996 | Elf:1    | Reached skill level 9 in Fire Magic
  5996 | Elf:1    | Reached skill level 9 in Ice Magic
  5996 | Elf:1    | Reached skill level 9 in Air Magic
  5996 | Elf:1    | Reached skill level 9 in Earth Magic
  5996 | Elf:1    | Reached skill level 9 in Poison Magic
  5996 | Elf:1    | Reached skill level 9 in Invocations
  5996 | Elf:1    | Reached skill level 9 in Evocations
  6052 | Elf:1    | HP: 3/110 [deep elf archer/arrow (11)]
  6106 | Elf:1    | HP: 3/110 [deep elf annihilator/iron shot (26)]
  6109 | Elf:1    | Killed a deep elf annihilator
  6112 | Elf:1    | Killed from afar by a battlesphere

Vault maps used:
D:1:      nicolae_arrival_memento_mori
D:2:      lemuel_doored_altar, led_sif_pool, first_bread,
          kennysheep_flooded_box, minmay_heptomino_l4
D:3:      nicolae_overflow_crystal_walls, uniq_grinder, uniq_crazy_yiuf_cottage
D:4:      kennysheep_mini, uniq_menkaure
D:5:      marbit_many_paths, nicolae_dithmenos_the_darkroom, uniq_ijyb
D:6:      lemuel_coloured_pillars_altar, gammafunk_temple_overflow_forgotten,
          minmay_temple_entry_glassed_door
D:8:      nemelex_altar_shiori, lemuel_round_altar,
          eat_drink_and_be_merry_uskayaw, david_lair_shrubbed, special_room,
          uniq_grum, uniq_erica
D:9:      kennysheep_housing_project, uniq_psyche
D:10:     grunt_ogre_cave
D:11:     uniq_sonja, uniq_harold
D:12:     erik_orc_3, lab_entry_generic, minivault_29
D:13:     minmay_heptahexagon, erik_vaults_1
Orc:1:    basic_altar, uniq_urug, uniq_maurice
Orc:2:    st_orc_rangers, basic_altar
Elf:1:    kennysheep_underground_church
Elf:2:    guppyfry_elf_lava, uniq_louise
Lab:      nicolae_lab_dead_adventurers, labyrinth_glass_1, nicolae_lab_plus,
          nicolae_lab_x, nicolae_lab_swirl, nicolae_lab_arrow

Skill      XL: |  1  2  3  4  5  6  7  8  9 10 11 12 13 14 |
---------------+-------------------------------------------+-----
Spellcasting   | 5 6 7 8 9 10 | 10.4
Short Blades   | 1 2 3 4 5 6 7 8 9 |  9.2
Long Blades    | 1 2 3 4 5 6 7 8 9 |  9.2
Maces & Flails | 1 2 3 4 5 6 7 8 9 |  9.2
Polearms       | 1 2 3 4 5 6 7 8 9 |  9.2
Staves         | 1 2 3 4 5 6 7 8 9 |  9.2
Slings         | 1 2 3 4 5 6 7 8 9 |  9.2
Bows           | 1 2 3 4 5 6 7 8 9 |  9.2
Crossbows      | 1 2 3 4 5 6 7 8 9 |  9.2
Throwing       | 1 2 3 4 5 6 7 8 9 |  9.2
Armour         | 3 4 5 6 7 8 9 |  9.5
Stealth        | 1 2 3 4 5 6 7 8 9 |  9.2
Shields        | 1 2 3 4 5 6 7 8 9 |  9.2
Unarmed Combat | 1 2 3 4 5 6 7 8 9 |  9.2
Conjurations   | 1 2 3 4 5 6 7 8 9 |  9.2
Hexes          | 1 2 3 4 5 6 7 8 9 |  9.2
Summonings     | 1 2 3 4 5 6 7 8 9 |  9.2
Necromancy     | 1 2 3 4 5 6 7 8 9 |  9.2
Translocations | 1 2 3 4 5 6 7 8 9 |  9.2
Transmutations | 1 2 3 4 5 6 7 8 9 |  9.2
Fire Magic     | 1 2 3 4 5 6 7 8 9 |  9.2
Ice Magic      | 1 2 3 4 5 6 7 8 9 |  9.2
Air Magic      | 1 2 3 4 5 6 7 8 9 |  9.2
Earth Magic    | 1 2 3 4 5 6 7 8 9 |  9.2
Poison Magic   | 1 2 3 4 5 6 7 8 9 |  9.2
Invocations    | 1 2 3 4 5 6 7 8 9 |  9.2
Evocations     | 1 2 3 4 5 6 7 8 9 |  9.2
Fighting       | 5 6 7 8 9 10 | 10.2
Axes           | 5 6 7 8 9 10 | 10.2
Dodging        | 5 6 7 8 9 10 | 10.2
Charms         | 7 8 9 10 11 | 11.1

Action                   |  1- 3 |  4- 6 |  7- 9 | 10-12 | 13-15 || total
-------------------------+-------+-------+-------+-------+-------++-------
Melee: Hand axe          |    63 |    11 |       |       |       ||    74
       Bite              |     4 |     4 |    31 |    98 |    47 ||   184
       War axe           |       |    20 |   212 |   331 |   207 ||   770
       Headbutt          |       |       |    43 |   122 |   112 ||   277
       Punch             |       |       |     2 |       |       ||     2
       Morningstar       |       |       |       |    56 |       ||    56
       Broad axe         |       |       |       |       |    56 ||    56
 Cast: Infusion          |     8 |     1 |     1 |     1 |       ||    11
       Spectral Weapon   |     1 |     5 |    32 |    45 |    42 ||   125
       Regeneration      |       |       |    15 |    29 |    23 ||    67
       Shroud of Golubri |       |       |     4 |     5 |     1 ||    10
       Lesser Beckoning  |       |       |       |     1 |    13 ||    14
       Ozocubu's Armour  |       |       |       |     2 |       ||     2
       Passage of Golubr |       |       |       |     2 |       ||     2
       Blink             |       |       |       |       |     2 ||     2
Invok: Bend Time         |       |       |     2 |    12 |     7 ||    21
 Abil: Evoke Berserk Rag |       |       |     1 |       |       ||     1
Evoke: Wand              |       |       |       |    11 |    10 ||    21
  Use: Scroll            |       |       |     7 |    14 |     4 ||    25
       Potion            |       |       |     3 |     4 |     4 ||    11
 Stab: Distracted        |       |     2 |     3 |     8 |     8 ||    21
       Sleeping          |       |       |     3 |     2 |     5 ||    10
       Paralysed         |       |       |       |    19 |     9 ||    28
  Eat: Chunk             |       |       |     8 |     5 |     4 ||    17
       Meat ration       |       |       |       |     1 |       ||     1
Armor: Leather armour    |    16 |     1 |       |    12 |    37 ||    66
       Ring mail         |       |     9 |    63 |    25 |       ||    97
       Troll leather arm |       |       |       |    46 |       ||    46
Dodge: Dodged            |    76 |    14 |   210 |   345 |   186 ||   831
Block: Shield            |       |       |       |   316 |   194 ||   510
       Buckler           |       |       |       |       |    64 ||    64
       Reflection        |       |       |       |       |    16 ||    16

Table legend:
 A = Spawn XP
 B = Non-spawn XP
 C = Spawn XP percentage of total XP
 D = Spawn monster count
 E = Non-spawn monster count
 F = Spawn count percentage of total count
 G = Total turns spent on level
                    A         B        C        D         E        F      G
               +---------+---------+-------+---------+---------+-------+---------
         Total |       0 |   72538 |   0.0 |       0 |     505 |   0.0 |  6112
               +---------+---------+-------+---------+---------+-------+---------
           D:1 |       0 |      43 |   0.0 |       0 |      24 |   0.0 |   368
           D:2 |       0 |      18 |   0.0 |       0 |      11 |   0.0 |   209
           D:3 |       0 |     856 |   0.0 |       0 |      29 |   0.0 |   257
           D:4 |       0 |     417 |   0.0 |       0 |       8 |   0.0 |   264
           D:5 |       0 |     589 |   0.0 |       0 |      19 |   0.0 |   522
           D:6 |       0 |     541 |   0.0 |       0 |      14 |   0.0 |   318
           D:7 |       0 |    1625 |   0.0 |       0 |      17 |   0.0 |   345
           D:8 |       0 |    1578 |   0.0 |       0 |      41 |   0.0 |   395
           D:9 |       0 |    6110 |   0.0 |       0 |      56 |   0.0 |   672
          D:10 |       0 |    1861 |   0.0 |       0 |      12 |   0.0 |   190
          D:11 |       0 |    5764 |   0.0 |       0 |      39 |   0.0 |   342
          D:12 |       0 |   17594 |   0.0 |       0 |     100 |   0.0 |   661
          D:13 |       0 |     644 |   0.0 |       0 |       9 |   0.0 |    35
         Orc:1 |       0 |    4726 |   0.0 |       0 |      27 |   0.0 |   340
         Orc:2 |       0 |    8595 |   0.0 |       0 |      64 |   0.0 |   699
         Elf:1 |       0 |   16425 |   0.0 |       0 |      26 |   0.0 |   294
         Elf:2 |       0 |    3605 |   0.0 |       0 |       6 |   0.0 |    56
           Lab |       0 |    1547 |   0.0 |       0 |       3 |   0.0 |   145
               +---------+---------+-------+---------+---------+-------+---------

Table legend:
 A = Turns spent in this place as a percentage of turns spent in the entire game.
 B = Non-inter-level travel turns spent in this place as a percentage of non-inter-level travel turns spent in the entire game.
 C = Inter-level travel turns spent in this place as a percentage of turns spent in this place.
 D = Turns resting spent in this place as a percentage of non-inter-level travel turns spent in this place.
 E = Turns spent auto-exploring this place as a percentage of non-inter-level travel turns spent in this place.
 F = Non-inter-level travel turns spent in this place divided by the number of levels of this place that you've seen.
                   A       B       C       D       E      F
               +-------+-------+-------+-------+-------+----------------------
         Total | 100.0 | 100.0 |   2.5 |   0.0 |   0.2 | 331.2
       Dungeon |  74.9 |  75.1 |   2.2 |   0.0 |   0.2 | 344.3
  Orcish Mines |  17.0 |  16.6 |   4.6 |   0.0 |   0.0 | 495.5
   Elven Halls |   5.7 |   5.9 |   0.0 |   0.0 |   0.0 | 175.0
     Labyrinth |   2.4 |   2.4 |   0.0 |   0.0 |   0.0 | 145.0
               +-------+-------+-------+-------+-------+----------------------

Table legend:
 A = Kills in this place as a percentage of kills in entire the game.
 B = Kills by you in this place as a percentage of kills by you in the entire game.
 C = Kills by friends in this place as a percentage of kills by friends in the entire game.
 D = Other kills in this place as a percentage of other kills in the entire game.
 E = Experience gained in this place as a percentage of experience gained in the entire game.
 F = Experience gained in this place divided by the number of levels of this place that you have seen.
                   A       B       C       D       E      F
               +-------+-------+-------+-------+-------+----------------------
         Total | 100.0 | 100.0 |   N/A |   N/A | 100.0 | 4029.9
       Dungeon |  75.0 |  75.0 |   N/A |   N/A |  51.9 | 2895.4
  Orcish Mines |  18.0 |  18.0 |   N/A |   N/A |  18.4 | 6660.5
   Elven Halls |   6.3 |   6.3 |   N/A |   N/A |  27.6 | 10015.0
     Labyrinth |   0.6 |   0.6 |   N/A |   N/A |   2.1 | 1547.0
               +-------+-------+-------+-------+-------+----------------------

Vault maps used:
D:1:      nicolae_arrival_memento_mori
D:2:      lemuel_doored_altar, led_sif_pool, first_bread,
          kennysheep_flooded_box, minmay_heptomino_l4
D:3:      nicolae_overflow_crystal_walls, uniq_grinder, uniq_crazy_yiuf_cottage
D:4:      kennysheep_mini, uniq_menkaure
D:5:      marbit_many_paths, nicolae_dithmenos_the_darkroom, uniq_ijyb
D:6:      lemuel_coloured_pillars_altar, gammafunk_temple_overflow_forgotten,
          minmay_temple_entry_glassed_door
D:8:      nemelex_altar_shiori, lemuel_round_altar,
          eat_drink_and_be_merry_uskayaw, david_lair_shrubbed, special_room,
          uniq_grum, uniq_erica
D:9:      kennysheep_housing_project, uniq_psyche
D:10:     grunt_ogre_cave
D:11:     uniq_sonja, uniq_harold
D:12:     erik_orc_3, lab_entry_generic, minivault_29
D:13:     minmay_heptahexagon, erik_vaults_1
Orc:1:    basic_altar, uniq_urug, uniq_maurice
Orc:2:    st_orc_rangers, basic_altar
Elf:1:    kennysheep_underground_church
Elf:2:    guppyfry_elf_lava, uniq_louise
Lab:      nicolae_lab_dead_adventurers, labyrinth_glass_1, nicolae_lab_plus,
          nicolae_lab_x, nicolae_lab_swirl, nicolae_lab_arrow
